 Dungeon Crawl Stone Soup version 0.30.1-9-gdf580d7c3d (webtiles) character file.

Game seed: 5372564849855361635

70 Heoruswealwe the Conjurer (level 4, 0/24 HPs)
             Began as a Deep Elf Conjurer on Oct 14, 2023.
             Slain by a gnoll
             ... wielding a +2 heavy spear
              (12 damage)
             ... on level 3 of the Dungeon.
             The game lasted 00:20:21 (1870 turns).

Heoruswealwe the Conjurer (Deep Elf Conjurer)       Turns: 1870, Time: 00:20:22

Health: 0/24       AC:  2    Str:  4    XL:     4   Next: 4%
Magic:  5/11       EV: 12    Int: 25    God:
Gold:   59         SH:  0    Dex: 13    Spells: 4/10 levels left

rFire   . . .        a - +0 rapier
rCold   . . .        (no shield)
rNeg    . . .        c - +0 robe
rPois   .            (no helmet)
rElec   .            (no cloak)
rCorr   .            (no gloves)
SInv    .            (no boots)
Will    .....        i - amulet of magic regeneration
Stlth   ++           (no ring)
HPRegen 0.24/turn    (no ring)
MPRegen 0.52/turn

%: no passive effects
@: lethally poisoned (0 -> -2)
A: no striking features
a: no special abilities


You were on level 3 of the Dungeon.
You visited 1 branch of the dungeon, and saw 3 of its levels.

You collected 59 gold pieces.

Inventory:

Hand Weapons
 a - a +0 rapier (weapon)
Armour
 c - a +0 robe (worn)
Jewellery
 i - an amulet of magic regeneration (around neck)
Scrolls
 d - a scroll of silence {unknown}
 e - a scroll of summoning {unknown}
 f - a scroll of vulnerability {unknown}
 g - 3 scrolls of teleportation {unknown}
 h - a scroll of brand weapon {unknown}
 k - a scroll of blinking {unknown}
 m - a scroll of identify {unknown}
 n - a scroll of enchant armour {unknown}
 o - a scroll of noise {unknown}
 p - a scroll of fear {unknown}
 q - a scroll of fog {unknown}
Potions
 b - a potion of magic
 j - 3 potions of curing {unknown}
 l - a potion of might {unknown}


   Skills:
 + Level 0.1 Fighting
 - Level 2.4 Dodging
 - Level 2.4 Stealth
 + Level 3.7 Spellcasting
 + Level 5.8 Conjurations


You had 4 spell levels left.
You knew the following spells:

 Your Spells              Type           Power      Damage    Failure   Level
a - Magic Dart            Conj           100%       1d8       1%          1
b - Searing Ray           Conj           66%        2d6       1%          2
c - Dazzling Flash        Conj/Hex       38%        N/A       9%          3

Your spell library contained the following spells:

 Spells                   Type           Power      Damage    Failure   Level
 Fulminant Prism          Conj/Hex       9%         3d7       28%         4
 Iskenderun's Mystic Bla  Conj/Tloc      19%        2d6       28%         4
 Animate Dead             Necr           4%         N/A       67%         4
 Haunt                    Necr/Summ      2%         N/A       100%        7
 Infestation              Necr           2%         N/A       100%        8


Dungeon Overview and Level Annotations

Branches:
Dungeon (3/15)

Altars:
Dithmenos

Shops:
D:1 [   D:3 ?


Message History

You are poisoned.
The magic dart hits the gnoll.
The gnoll is almost dead.
You feel sick.
The gnoll throws a poisoned dart.
The poisoned dart hits you!
You are more poisoned.
The magic dart hits the gnoll.
You kill the gnoll!
You feel very sick.
A hobgoblin comes into view.
You have reached level 4!
You feel clever.
The magic dart hits the hobgoblin.
The hobgoblin is moderately wounded.
The hobgoblin shouts!
You feel sick.
A gnoll comes into view. It is wielding a +2 heavy spear.
The magic dart hits the hobgoblin.
You kill the hobgoblin!
You feel sick.
An adder comes into view.
The magic dart hits the gnoll but does no damage.
The adder hisses angrily.
You feel sick.
A gnoll comes into view. It is wielding a +3 sling.
You feel sick.
Casting: Magic Dart (safe; 1% risk of failure)
Confirm with . or Enter, or press ? or * to list all spells.
Aiming: Searing Ray (safe; 1% risk of failure)
Press: ? - help, Shift-Dir - straight line, f/p - gnoll
Aim: a gnoll, wielding a +2 heavy spear (83% to hit)
The searing ray hits the gnoll.
The gnoll is moderately wounded.
The searing ray hits the gnoll!
The gnoll is severely wounded.
The gnoll shouts! (Press . to maintain the ray.)
You feel sick.
The gnoll hits you from afar with a +2 heavy spear!
Ouch! That really hurt!
You die...

...# ... ..# .∩. ..#
... #)# ... #g###.# ..
#g....# .#
#######.....# .###.#.#
#....##@..).# ..##.#.#
#....##.#..##
..##.#.#.#.......#.##
...#.#.#...........#
...#.#.######.....##
.).#.#.# ###..##
...#.#.########.######
...#.................#
...###.#####....##...#


You could see 2 gnolls.

Vanquished Creatures
  A gnoll (D:3)
  An adder (D:2)
  A worm (D:2)
  A dart slug (D:1)
  5 endoplasms
  3 giant cockroaches
  2 goblins (D:1)
  8 hobgoblins
  3 quokkas (D:1)
  5 ball pythons
  5 bats
  2 frilled lizards
  2 kobolds
  5 rats
44 creatures vanquished.

Notes
Turn   | Place    | Note
-------+----------+-------------------------------------------
     0 | D:1      | Heoruswealwe the Deep Elf Conjurer began the quest for the
                  | Orb.
     0 | D:1      | Reached XP level 1. HP: 10/10 MP: 6/6
   186 | D:1      | Found Heer Meh's Armour Boutique.
   210 | D:1      | Reached XP level 2. HP: 12/15 MP: 2/8
   213 | D:1      | Learned a level 2 spell: Searing Ray
   282 | D:1      | Reached skill level 5 in Conjurations
   391 | D:1      | Found a faded altar of an unknown god.
   789 | D:1      | Reached XP level 3. HP: 19/19 MP: 7/9
   793 | D:1      | Learned a level 3 spell: Dazzling Flash
   973 | D:2      | Found a shadowy altar of Dithmenos.
  1860 | D:3      | Found Ryicenko's Magic Scroll Shoppe.
  1866 | D:3      | Reached XP level 4. HP: 19/24 MP: 8/11
  1870 | D:3      | Slain by a gnoll

Illustrated notes

Levels and vault maps discovered:
D:1:      shiori_arrival_elements, layout_basic, serial_shops,
          nicolae_lakefront_shop, dilly_ecumenical_altar_fadedgnrine
D:2:      layout_loops_ring, basic_altar
D:3:      layout_basic, serial_shops, shop, grunt_ministairs_7, uniq_grinder

Skill      XL: |  1  2 |
---------------+-------+-----
Conjurations   | 5 |  5.8
Fighting       | |  0.1
Dodging        | |  2.4
Stealth        | |  2.4
Spellcasting   | |  3.7

Action                     |  1- 3 |  4- 6 || total
---------------------------+-------+-------++-------
  Melee: Short sword       |    20 |       ||    20
   Cast: Magic Dart        |    85 |     3 ||    88
         Searing Ray       |     1 |     1 ||     2
 Armour: Robe              |     3 |       ||     3
  Dodge: Dodged            |     8 |       ||     8
